 Dungeon Crawl Stone Soup version 0.20.0-10-g0535bb4 (webtiles) character file.

227537 Laraso the Brawler (level 18, 0/174 HPs)
             Began as a Troll Hunter on June 6, 2017.
             Was a High Priest of Elyvilon.
             Killed from afar by a catoblepas (1 damage)
             ... with a blast of calcifying dust
             ... led by Polyphemus
             ... on level 2 of the Shoals.
             The game lasted 01:26:13 (40367 turns).

Laraso the Brawler (Troll Hunter)                  Turns: 40367, Time: 01:26:13

Health: 0/174      AC: 14    Str: 23    XL:     18   Next: 68%
Magic:  10/26      EV:  1    Int: 10    God:    Elyvilon [*****.]
Gold:   1574       SH:  0    Dex: 18    Spells: 7/17 levels left

rFire    + + +     SeeInvis .     - Unarmed
rCold    + + +     Gourm    +   L - +0 large shield
rNeg     + + +     Faith    +   u - +2 robe {rC+ rF+}
rPois    ∞         Spirit   .   p - +2 hat
rElec    +         Reflect  .   Y - +2 cloak {rC+}
rCorr    +         Harm     .   (gloves unavailable)
MR       ++...                  (boots unavailable)
Stlth    +++.......             r - amulet of faith
Regen    0.8/turn               t - ring "Feotau" {rF+ EV+2 Int+3 Dex+2}
MPRegen  0.2/turn               x - ring of poison resistance

@: resistant, petrified, mesmerised, very slightly contaminated, very slow
A: unfitting armour, claws 3, iridescent scales 1, fast metabolism 3, gourmand,
magic resistance 1, regeneration 1, shaggy fur 1, tough skin 2, weak 1
}: 1/15 runes: serpentine
a: Lesser Healing, Heal Other, Purification, Greater Healing, Divine Vigour,
Divine Protection, Renounce Religion


You were on level 2 of the Shoals.
You worshipped Elyvilon.
Elyvilon was extremely pleased with you.
You were not hungry.

You visited 5 branches of the dungeon, and saw 29 of its levels.
You visited the Abyss 1 time.
You also visited: Ice Cave.

You collected 3372 gold pieces.
You spent 1798 gold pieces at shops.

Inventory:

Hand Weapons
 b - a +3 blowgun
Missiles
 c - 28 large rocks (quivered)
 d - 10 throwing nets
 J - 10 curare-tipped needles
Armour
 p - a +2 hat (worn)
 u - a +2 robe of resistance (worn)
 L - a +0 large shield (worn)
 Y - a +2 cloak of cold resistance (worn)
Jewellery
 r - an amulet of faith (around neck)
 t - the ring "Feotau" (left claw) {rF+ EV+2 Int+3 Dex+2}
   (You bought it in a shop on level 5 of the Dungeon)

   [ring of evasion]

   It affects your evasion (+2).
   It affects your intelligence (+3).
   It affects your dexterity (+2).
   It protects you from fire.
 x - a ring of poison resistance (right claw)
 C - an uncursed ring of fire
 U - an uncursed ring of ice
Wands
 a - a wand of paralysis (10/24)
 s - a wand of iceblast (6/15)
 y - a wand of acid (5/15)
 B - a wand of polymorph (12/24)
 F - a wand of iceblast (3/15)
 O - a wand of lightning (11/15)
 Q - a wand of scattershot (0/9)
Scrolls
 j - 6 scrolls of enchant armour
 k - a scroll of blinking
 n - 2 scrolls of fog
 q - 18 scrolls of remove curse
 A - 5 scrolls of identify
 H - a scroll of magic mapping
 P - 3 scrolls of recharging
 S - a scroll of holy word
Potions
 e - 3 potions of magic
 h - a potion of flight
 i - 3 potions of cancellation
 D - a potion of haste
 V - 2 potions of resistance
 W - 4 potions of curing
Miscellaneous
 E - a lightning rod (4/4)
 K - 2 phantom mirrors
 T - a sack of spiders
Comestibles
 f - 17 bread rations
 g - 7 royal jellies
 o - 4 meat rations
 z - 3 fruits


   Skills:
 - Level 10.0 Fighting
 - Level 3.6 Throwing
 - Level 11.5 Dodging
 - Level 5.2 Stealth
 * Level 14.5 Shields
 - Level 18.1 Unarmed Combat
 - Level 12.0 Invocations


You had 7 spell levels left.
You knew the following spells:

 Your Spells              Type           Power        Failure   Level  Hunger
a - Call Canine Familiar  Summ           #.......     77%         3    ####...
b - Ozocubu's Armour      Chrm/Ice       #.......     77%         3    ####...
c - Swiftness             Chrm/Air       #.......     52%         2    ###....
d - Song of Slaying       Chrm           #.......     52%         2    ###....


Dungeon Overview and Level Annotations

Branches:
Dungeon (15/15)            Temple (0/1) D:6            Lair (6/6) D:11
 Shoals (2/4) Lair:2        Snake (4/4) Lair:4        Slime (0/5) Lair:6
    Orc (2/2) D:10            Elf (0/3) Orc:2        Vaults (0/5) D:13
 Depths (0/5) D:15

Altars:
Ashenzari
Elyvilon
Gozag
Makhleb
Okawaru
Qazlal
Uskayaw
Xom
The Shining One

Shops:
D:5 [==   D:8 :*   D:9 (   Orc:2 [(((   Snake:1 [?

Portals:
Hell: Lair:6


Innate Abilities, Weirdness & Mutations

You are too large for most types of armour.
You have claws for hands.
Your metabolism is lightning-fast.
You like to eat raw meat.
Your natural rate of healing is unusually fast.
You are covered in fur. (AC +1)
You have very tough skin. (AC +2)
You are partially covered in iridescent scales. (AC +2)
You are resistant to hostile enchantments. (MR+)
You are weak. (Str -2)


Message History

The death yak misses you. You block the death yak's attack.
The death yak gores you!!
* * * LOW HITPOINT WARNING * * *
You block the merfolk javelineer's attack.
You are healed.
You feel somewhat more hungry.
You are engulfed in calcifying dust.
The merfolk siren hits you from afar with a spear!
* * * LOW HITPOINT WARNING * * *
You block the catoblepas's attack. You block the merfolk's attack.
You block the faun's attack. The death yak gores you!
* * * LOW HITPOINT WARNING * * *
You block the death yak's attack.
The death yak gores you but does no damage.
The merfolk javelineer hits you from afar with a spear of piercing!
* * * LOW HITPOINT WARNING * * *
x2 You are healed.
You feel quite a bit more hungry.
You are engulfed in calcifying dust.
You are slowing down.
The merfolk siren chants its luring song.
The catoblepas gores you!!
* * * LOW HITPOINT WARNING * * *
The faun closely misses you. The death yak gores you!
* * * LOW HITPOINT WARNING * * *
The death yak gores you but does no damage.
The merfolk hits you with a trident!
* * * LOW HITPOINT WARNING * * *
The death yak gores you but does no damage.
The merfolk javelineer hits you from afar with a spear of piercing!
* * * LOW HITPOINT WARNING * * *
Unknown command.
You are healed.
You feel quite a bit more hungry.
You are engulfed in calcifying dust.
Your limbs have turned to stone.
Your divine protection fades away.
The faun stops moving altogether!
The merfolk siren hits you from afar with a spear!
* * * LOW HITPOINT WARNING * * *
The catoblepas barely misses you. The death yak gores you!
* * * LOW HITPOINT WARNING * * *
The death yak gores you. The merfolk hits you with a trident!
* * * LOW HITPOINT WARNING * * *
The death yak closely misses you.
The merfolk javelineer hits you but does no damage.
The catoblepas gores you!
* * * LOW HITPOINT WARNING * * *
The merfolk siren chants its luring song.
The death yak gores you.
* * * LOW HITPOINT WARNING * * *
The death yak barely misses you. The merfolk hits you with a trident!
* * * LOW HITPOINT WARNING * * *
You have turned to stone.
The death yak is no longer petrified.
The death yak gores you.
* * * LOW HITPOINT WARNING * * *
The death yak gores you but does no damage.
The merfolk javelineer hits you from afar with a spear of piercing.
* * * LOW HITPOINT WARNING * * *
The merfolk siren hits you from afar with a spear!
* * * LOW HITPOINT WARNING * * *
The catoblepas breathes a plume of calcifying dust at you.
The blast of calcifying dust hits you!
You die...

#.≈≈≈...#....≈.###.....≈≈≈≈≈≈≈
####..≈≈.####...≈≈###..≈.≈≈≈≈≈≈≈≈
.....≈≈≈.# ##.≈≈≈≈≈.....≈≈≈≈≈≈≈.
<....≈≈≈.# #.≈≈≈≈(.....≈≈≈≈....
≈≈≈.#.≈≈.# ##.≈≈≈.......≈≈≈.....
.≈≈....≈.# #..≈≈≈...≈≈..≈≈......
≈≈≈......# ##..≈≈≈...≈≈≈≈≈≈..###.
)≈≈.###..###...YYc...≈≈≈≈....###.
≈≈≈.# #...#.≈≈.Y@Y.).≈≈≈≈........
≈≈≈(###.....≈≈mmYc........##.....
≈≈≈≈(...≈.≈≈≈..m.≈<#.........≈≈..
≈≈≈≈≈((...≈≈≈....≈....≈..≈≈≈≈≈...
≈≈≈≈≈>###.≈..≈.≈≈≈≈.≈≈≈≈≈≈≈≈≈≈..#
≈≈≈≈.## #(....≈≈≈≈....≈≈≈≈≈≈≈≈..#
≈≈≈..# ##.....≈.≈≈...≈≈≈≈≈≈≈≈≈..
≈≈≈### #((......≈.≈≈.≈≈≈≈≈≈≈≈≈.
≈≈.#######cm≈≈≈...........≈≈≈....


You could see a merfolk javelineer, 4 death yaks, a catoblepas, a merfolk, 2
fauns and a merfolk siren.

Vanquished Creatures
  Rupert (D:14)
  Polyphemus (Shoals:2)
  9 nagarajas
  An orc warlord (D:10)
  A balrug (Abyss:2)
  A frost giant (IceCv)
  Louise (Snake:1)
  The ghost of Rikonman the Eclecticist, a journeyman DEIE of Vehumet (Shoals:1)
  A lorocyproca (Abyss:2)
  An ettin (Orc:2)
  Josephine (D:14)
  A merfolk impaler (Shoals:2)
  A fire dragon (Lair:2)
  2 jiangshi (Abyss:2)
  2 ice dragons (D:15)
  Erolcha (Orc:2)
  19 naga warriors
  8 vault guards
  20 anacondas
  Erica (D:8)
  4 merfolk avatars
  10 two-headed ogres
  A queen ant (Lair:3)
  3 centaur warriors
  2 tengu warriors
  6 orc high priests (Orc:2)
  12 death yaks
  A vampire mage (Abyss:2)
  8 naga sharpshooters
  8 shock serpents
  Sonja (D:11)
  A sun demon (Lair:6)
  A thrashing horror (Abyss:2)
  A wretched star (Abyss:2)
  A skeletal warrior (D:10)
  A sixfirhy (Abyss:2)
  7 salamander mystics (Snake:4)
  The ghost of dialectric the Carver, a novice MiWn of Gozag (D:8)
  7 sea snakes
  A wizard (Lair:6)
  An unseen horror (D:11)
  10 naga ritualists
  5 lindwurms
  5 orc knights
  10 salamanders
  A wolf spider (D:10)
  23 mana vipers
  3 oklob plants
  6 manticores
  A deep elf mage (Orc:2)
  4 ugly things
  6 orc sorcerers
  A faun (Shoals:1)
  7 cyclopes
  4 merfolk sirens
  A vault sentinel (D:13)
  28 naga magi
  9 guardian serpents
  A centaur zombie (D:11)
  54 black mambas
  3 ice statues
  2 water nymphs
  A titan simulacrum (Abyss:2)
  2 centaur skeletons (D:11)
  4 smoke demons
  4 gargoyles
  8 spiny frogs
  4 rime drakes
  2 orange demons (Lair:6)
  12 komodo dragons
  2 hellwings (Abyss:2)
  A freezing wraith (Abyss:2)
  7 kobold demonologists
  2 ice devils (Lair:6)
  7 trolls
  2 red devils (Lair:6)
  17 polar bears
  11 merfolk
  A tengu conjurer (D:14)
  A hornet (D:13)
  A wind drake (Shoals:2)
  4 raiju (Abyss:2)
  12 hippogriffs
  14 slime creatures (D:12)
  17 blink frogs
  4 snapping turtles
  2 wyverns
  2 vampires
  2 shadows
  3 hogs (D:9)
  2 water elementals
  A human (D:9)
  5 wraiths
  6 hungry ghosts
  38 yaks
  3 basilisks
  A neqoxec (Abyss:2)
  A steam dragon (D:11)
  14 soldier ants (Lair:3)
  4 wargs
  34 nagas
  4 large abominations (Abyss:2)
  3 acid dragons
  19 water moccasins
  5 hell hounds (Lair:6)
  6 porcupines
  33 orc warriors
  2 necrophages
  An eye of draining (D:15)
  2 hornet zombies
  A swamp drake (D:10)
  12 ice beasts
  2 phantoms
  4 sky beasts
  A black bear (D:6)
  4 boggarts (Lair:5)
  16 centaurs
  20 wolves
  14 ogres
  10 crocodiles
  3 big kobolds
  22 bullfrogs
  A gnoll sergeant (D:11)
  4 small abominations (Abyss:2)
  A wyvern skeleton (D:13)
  A scorpion (D:8)
  13 killer bees
  5 wights (D:12)
  2 howler monkeys
  An electric eel (D:13)
  7 crimson imps
  2 bullfrog zombies (D:5)
  12 starcursed masses (Abyss:2)
  A quasit (D:11)
  36 orc priests
  7 hounds
  An iron imp (Abyss:2)
  7 jellies
  Crazy Yiuf (D:5)
  Ijyb (D:5)
  A bullfrog skeleton (D:8)
  9 iguanas
  37 worker ants
  49 orc wizards
  A killer bee zombie (D:7)
  A bullfrog simulacrum (D:11)
  A human simulacrum (D:12)
  Robin (D:2)
  18 adders
  18 gnolls
  11 shadow imps
  18 white imps
  An ufetubus (D:15)
  An ooze (D:5)
  An adder zombie (D:5)
  4 worms
  3 dart slugs
  10 leopard geckos
  110 orcs
  4 giant cockroaches
  14 goblins
  8 hobgoblins
  4 jackals
  4 quokkas
  2 ball pythons
  6 bats
  6 frilled lizards
  2 jackal zombies
  24 kobolds
  A quokka skeleton (D:6)
  17 rats
  A plant (Shoals:1)
1269 creatures vanquished.

Vanquished Creatures (collateral kills)
  A phantom (D:9)
1 creature vanquished.

Vanquished Creatures (others)
  A death yak (Lair:6)
  A black mamba (Lair:6)
  6 blink frogs (Lair:6)
  A yak (Lair:6)
  A wolf (D:15)
  A worker ant (D:13)
  A human simulacrum (D:12)
  2 orcs
  10 fungi
  17 plants
41 creatures vanquished.

Grand Total: 1311 creatures vanquished

Notes
Turn   | Place    | Note
-------+----------+-------------------------------------------
     0 | D:1      | Laraso the Troll Hunter began the quest for the Orb.
     0 | D:1      | Reached XP level 1. HP: 19/19 MP: 0/0
    14 | D:1      | Reached skill level 1 in Unarmed Combat
    51 | D:1      | Reached XP level 2. HP: 27/27 MP: 1/1
   119 | D:1      | Reached skill level 2 in Unarmed Combat
   279 | D:1      | Reached XP level 3. HP: 32/33 MP: 2/2
   621 | D:1      | Reached skill level 3 in Unarmed Combat
  1005 | D:2      | Found a white marble altar of Elyvilon.
  1111 | D:2      | Became a worshipper of Elyvilon the Healer
  1205 | D:2      | Noticed Robin
  1226 | D:2      | Reached XP level 4. HP: 40/41 MP: 1/3
  1251 | D:2      | Killed Robin
  1251 | D:2      | Reached skill level 4 in Unarmed Combat
  1295 | D:2      | Found an opulent altar of Gozag.
  1314 | D:2      | HP: 11/41 [gnoll/whip (7)]
  1321 | D:2      | HP: 8/41 [gnoll/whip (7)]
  1568 | D:2      | Found a faded altar of an unknown god.
  1710 | D:2      | Reached XP level 5. HP: 46/48 MP: 4/4
  1898 | D:3      | Gained mutation: You are partially covered in iridescent scales. (AC +2) [potion of mutation]
  1898 | D:3      | Gained mutation: You are mostly covered in iridescent scales. (AC +4) [potion of mutation]
  1933 | D:3      | Reached * piety under Elyvilon
  2044 | D:3      | Reached skill level 5 in Unarmed Combat
  2527 | D:3      | Reached ** piety under Elyvilon
  2625 | D:4      | Noticed an ogre
  2633 | D:4      | Killed an ogre
  2633 | D:4      | Reached skill level 1 in Invocations
  2656 | D:4      | Noticed a hippogriff
  2668 | D:4      | Killed a hippogriff
  2668 | D:4      | Reached skill level 6 in Unarmed Combat
  2668 | D:4      | Reached skill level 2 in Invocations
  2668 | D:4      | Reached XP level 6. HP: 41/55 MP: 2/6
  2729 | D:4      | Reached XP level 7. HP: 59/62 MP: 7/7
  3075 | D:4      | Reached skill level 7 in Unarmed Combat
  3075 | D:4      | Reached skill level 3 in Invocations
  3517 | D:5      | Entered Level 5 of the Dungeon
  3517 | D:5      | Reached *** piety under Elyvilon
  3522 | D:5      | Learned a level 3 spell: Call Canine Familiar
  3588 | D:5      | Reached skill level 8 in Unarmed Combat
  3612 | D:5      | Found Vaxuusui's Antique Armour Shop.
  3618 | D:5      | Bought a runed hat for 175 gold pieces
  3696 | D:5      | Reached XP level 8. HP: 70/70 MP: 9/9
  3922 | D:5      | Found Qiclido's Jewellery Shoppe.
  3934 | D:5      | Reached skill level 4 in Invocations
  4001 | D:5      | Noticed Ijyb
  4008 | D:5      | Killed Ijyb
  4052 | D:5      | Reached skill level 9 in Unarmed Combat
  4138 | D:5      | Found Qax Sag's Jewellery Boutique.
  4370 | D:5      | Reached **** piety under Elyvilon
  4393 | D:5      | Found a runed door.
  4562 | D:5      | Noticed Crazy Yiuf
  4570 | D:5      | Killed Crazy Yiuf
  4757 | D:6      | Reached skill level 5 in Invocations
  4779 | D:6      | Found a stormy altar of Qazlal.
  4893 | D:6      | Found an iron altar of Okawaru.
  4908 | D:6      | Reached skill level 10 in Unarmed Combat
  4908 | D:6      | Reached XP level 9. HP: 69/76 MP: 9/12
  5157 | D:6      | Found a staircase to the Ecumenical Temple.
  5170 | D:6      | Found a glowing golden altar of the Shining One.
  5292 | D:6      | Found a hide-covered altar of Uskayaw.
  5296 | D:6      | You fall through a shaft!
  5322 | D:7      | Reached skill level 6 in Invocations
  5498 | D:7      | Reached skill level 11 in Unarmed Combat
  5518 | D:7      | Laraso: ??sh[2
  5518 | D:7      | beem: shield[2/5]: You need 4/15/25 skill to eliminate evasion, melee speed, and casting penalties for bucklers/shields/large shields for normal races, 5.6/21/- for kobolds and halflings, 7.2/-/- for spriggans, 2.4/9/15 for nagas, centaurs, and formicids, -/9/15 for trolls and ogres.
  5598 | D:7      | Reached skill level 2 in Dodging
  5672 | D:7      | Reached ***** piety under Elyvilon
  5741 | D:7      | Reached skill level 3 in Dodging
  6117 | D:8      | Found Kutzood's Assorted Antiques.
  6133 | D:8      | Found a hide-covered altar of Uskayaw.
  6138 | D:8      | Reached skill level 4 in Dodging
  6141 | D:8      | Reached skill level 7 in Invocations
  6147 | D:8      | Reached XP level 10. HP: 47/85 MP: 7/14
  6244 | D:8      | Found Egruz's Book Boutique.
  6308 | D:8      | Bought a potion of haste for 230 gold pieces
  6399 | D:8      | Noticed dialectric's ghost (novice MiWn)
  6426 | D:8      | HP: 32/85 [orc warrior/halberd (11)]
  6602 | D:8      | Found a shimmering altar of Xom.
  6652 | D:8      | Killed dialectric's ghost
  6652 | D:8      | Reached skill level 5 in Dodging
  6824 | D:8      | Found a burning altar of Makhleb.
  6833 | D:8      | Noticed Erica
  6844 | D:8      | Killed Erica
  6844 | D:8      | Reached skill level 6 in Dodging
  7014 | D:9      | Noticed a two-headed ogre
  7046 | D:8      | Reached skill level 8 in Invocations
  7070 | D:9      | Killed a two-headed ogre
  7163 | D:9      | Found a shattered altar of Ashenzari.
  7177 | D:9      | Reached skill level 7 in Dodging
  7314 | D:9      | Noticed a two-headed ogre
  7369 | D:9      | Killed a two-headed ogre
  7487 | D:9      | Reached ****** piety under Elyvilon
  7590 | D:9      | Found Fetemoraczo's Antique Weapon Boutique.
  7668 | D:9      | Noticed a two-headed ogre
  7675 | D:9      | Killed a two-headed ogre
  7675 | D:9      | Reached skill level 8 in Dodging
  7675 | D:9      | Reached XP level 11. HP: 65/92 MP: 12/16
  7869 | D:9      | Found a glowing golden altar of the Shining One.
  8401 | D:10     | Entered Level 10 of the Dungeon
  8468 | D:10     | Reached skill level 9 in Dodging
  8770 | D:10     | HP: 33/92 [orc priest/divine providence (12)]
  8777 | D:10     | HP: 31/92 [orc priest/nerve-wracking pain (13)]
  8928 | D:10     | Found a staircase to the Orcish Mines.
  9228 | D:10     | Noticed a two-headed ogre
  9233 | D:10     | Killed a two-headed ogre
  9519 | D:11     | Noticed a brown ugly thing
  9628 | D:11     | Noticed a five-headed hydra
  9637 | D:11     | Pacified a five-headed hydra
  9637 | D:11     | Reached skill level 10 in Dodging
  9639 | D:11     | Noticed an orc knight
  9653 | D:11     | HP: 30/92 [basilisk (9)]
  9802 | D:10     | HP: 33/92 [acid (9)]
  9806 | D:10     | HP: 13/92 [acid (9)]
  9811 | D:10     | Killed a brown ugly thing
  9911 | D:10     | Killed an orc knight
 10008 | D:11     | Noticed a death yak
 10017 | D:10     | HP: 33/92 [death yak (12)]
 10041 | D:10     | Killed a death yak
 10041 | D:10     | Reached skill level 2 in Shields
 10151 | D:11     | Noticed a two-headed ogre
 10160 | D:11     | Killed a two-headed ogre
 10160 | D:11     | Reached skill level 3 in Shields
 10320 | D:11     | Reached skill level 4 in Shields
 10419 | D:11     | Noticed a death yak
 10420 | D:11     | Noticed a death yak
 10421 | D:11     | Noticed a death yak
 10476 | D:10     | Killed a death yak
 10476 | D:10     | Reached XP level 12. HP: 99/100 MP: 17/17
 10485 | D:11     | Found a staircase to the Lair.
 10499 | D:11     | Reached skill level 5 in Shields
 10616 | D:11     | Noticed a death yak
 10657 | D:10     | Killed a death yak
 10743 | D:10     | Reached skill level 6 in Shields
 10851 | D:11     | Noticed Sonja
 10860 | D:11     | Killed Sonja
 11036 | D:11     | Reached skill level 7 in Shields
 11074 | D:11     | Noticed a centaur warrior
 11230 | D:10     | HP: 39/100 [wolf spider (9)]
 11236 | D:10     | HP: 39/100 [wolf spider (5)]
 11241 | D:10     | HP: 20/100 [centaur warrior (5)]
 11253 | D:10     | Killed a centaur warrior
 11404 | D:11     | HP: 39/100 [something (4)]
 11407 | D:11     | Reached skill level 8 in Shields
 11412 | D:11     | HP: 31/100 [something (5)]
 11417 | D:11     | HP: 14/100 [something (9)]
 11424 | D:11     | HP: 39/100 [something (2)]
 11431 | D:11     | HP: 24/100 [something (10)]
 11436 | D:11     | HP: 9/100 [something (8)]
 11436 | D:11     | HP: 3/100 [something (6)]
 11441 | D:11     | HP: 40/100 [something (3)]
 11446 | D:11     | HP: 27/100 [something (11)]
 11526 | D:11     | HP: 36/100 [skeletal warrior/dire flail (13)]
 11532 | D:11     | HP: 18/100 [skeletal warrior/dire flail (16)]
 11534 | D:11     | Noticed a tengu warrior
 11750 | D:11     | Killed a tengu warrior
 11810 | D:11     | Identified the Handbook of Burning Clay
 11898 | D:11     | Reached skill level 9 in Shields
 11959 | D:11     | Noticed a death yak
 12001 | D:10     | Killed a death yak
 12310 | Lair:1   | Entered Level 1 of the Lair of Beasts
 12542 | Lair:1   | Reached skill level 2 in Fighting
 12598 | Lair:1   | Noticed a seven-headed hydra
 12602 | Lair:1   | Pacified a seven-headed hydra
 12755 | Lair:1   | HP: 38/104 [poisoned by a black mamba]
 12971 | Lair:1   | Reached skill level 3 in Fighting
 13191 | Lair:2   | Noticed a fire dragon
 13213 | Lair:2   | Killed a fire dragon
 13213 | Lair:2   | Reached XP level 13. HP: 46/113 MP: 16/18
 13355 | Lair:2   | Reached skill level 4 in Fighting
 13492 | Lair:2   | Found a staircase to the Shoals.
 13776 | Lair:2   | Reached skill level 5 in Fighting
 14175 | Lair:3   | Reached skill level 6 in Fighting
 14383 | Lair:3   | Reached skill level 7 in Fighting
 15063 | Lair:3   | Reached skill level 8 in Fighting
 15327 | Lair:4   | Found a staircase to the Snake Pit.
 15557 | Lair:4   | Learned a level 3 spell: Ozocubu's Armour
 15867 | Lair:5   | Reached skill level 9 in Fighting
 16483 | Lair:6   | Entered Level 6 of the Lair of Beasts
 16635 | Lair:6   | Found a staircase to the Slime Pits.
 16722 | Lair:5   | Reached skill level 10 in Fighting
 16855 | Lair:6   | Reached XP level 14. HP: 138/143 MP: 19/19
 17458 | Lair:6   | Reached skill level 12 in Unarmed Combat
 17875 | Lair:6   | Found a burning altar of Makhleb.
 17925 | Lair:6   | HP: 56/143 [ice devil (2)]
 17931 | Lair:6   | HP: 52/214 [komodo dragon (15)]
 17941 | Lair:6   | HP: 45/214 [red devil/demon trident of pain (8)]
 18156 | Lair:6   | Found a gateway to Hell.
 18385 | Lair:6   | Reached skill level 13 in Unarmed Combat
 19348 | D:12     | Reached skill level 14 in Unarmed Combat
 19715 | D:12     | Found a white marble altar of Elyvilon.
 20073 | D:13     | Reached skill level 9 in Invocations
 20286 | D:13     | Found a gate to the Vaults.
 20552 | D:13     | Reached skill level 10 in Invocations
 20552 | D:13     | Reached XP level 15. HP: 149/149 MP: 21/21
 21586 | D:14     | Noticed Josephine
 21601 | D:14     | Killed Josephine
 21874 | D:14     | Reached skill level 11 in Invocations
 21998 | D:14     | Noticed Rupert
 22008 | D:14     | Paralysed by Rupert for 3 turns
 22028 | D:14     | Killed Rupert
 22565 | D:14     | Learned a level 2 spell: Swiftness
 22671 | D:15     | Entered Level 15 of the Dungeon
 22685 | D:15     | Reached skill level 12 in Invocations
 22728 | D:15     | Found a frozen archway.
 22772 | IceCv    | Entered an ice cave
 23230 | IceCv    | Noticed a frost giant
 23248 | IceCv    | Killed a frost giant
 23766 | D:15     | HP: 52/149 [cyclops/large rock (39)]
 23782 | D:15     | HP: 43/149 [cyclops (22)]
 24013 | D:15     | Reached skill level 15 in Unarmed Combat
 24211 | D:15     | Found a staircase to the Depths.
 24711 | Orc:1    | Entered Level 1 of the Orcish Mines
 24770 | Orc:1    | Noticed an orc warlord
 24987 | D:10     | Killed an orc warlord
 25558 | Orc:2    | Entered Level 2 of the Orcish Mines
 25688 | Orc:2    | HP: 51/149 [warg[an orc high priest] (12)]
 25693 | Orc:2    | HP: 57/149 [poisoned by an orc wizard]
 25696 | Orc:2    | HP: 22/149 [orc priest/divine providence[an orc high priest] (11)]
 25701 | Orc:2    | HP: 44/149 [poisoned by an orc wizard]
 25706 | Orc:2    | HP: 41/149 [poisoned by an orc wizard]
 25711 | Orc:2    | HP: 45/149 [poisoned by an orc wizard]
 25717 | Orc:2    | HP: 47/149 [poisoned by an orc wizard]
 25722 | Orc:2    | HP: 48/149 [poisoned by an orc wizard]
 25729 | Orc:2    | HP: 51/149 [poisoned by an orc wizard]
 25737 | Orc:2    | HP: 55/149 [poisoned by an orc wizard]
 26401 | Orc:2    | Noticed Erolcha
 26414 | Orc:2    | Killed Erolcha
 26656 | Orc:2    | Found a staircase to the Elven Halls.
 26803 | Orc:2    | Reached skill level 16 in Unarmed Combat
 26805 | Orc:2    | Paralysed by an orc sorcerer for 6 turns
 26812 | Orc:2    | HP: 54/149 [orc sorcerer/bolt of negative energy (36)]
 27047 | Orc:1    | Reached XP level 16. HP: 158/158 MP: 24/24
 27150 | Orc:2    | HP: 61/158 [orc priest/divine providence (15)]
 27152 | Orc:2    | HP: 20/158 [orc sorcerer/bolt of negative energy (42)]
 27164 | Orc:2    | HP: 61/158 [orc sorcerer/bolt of fire (7)]
 27694 | Orc:2    | Reached skill level 11 in Dodging
 27721 | Orc:2    | Found Resada's Armour Shop.
 27726 | Orc:2    | Found Egigyshott's Weapon Shop.
 27727 | Orc:2    | Found Uceag's Weapon Boutique.
 27732 | Orc:2    | Found Abaufob's Antique Weapon Boutique.
 27734 | Orc:2    | Bought a +1 troll leather armour for 308 gold pieces
 28261 | D:5      | Bought the ring "Feotau" {rF+ EV+2 Int+3 Dex+2} for 448 gold pieces
 28300 | D:8      | Bought a scroll of enchant armour for 172 gold pieces
 28360 | D:5      | Bought an uncursed ring of poison resistance for 220 gold pieces
 28690 | Snake:1  | Entered Level 1 of the Snake Pit
 28788 | Lair:4   | Reached skill level 1 in Stealth
 28925 | Snake:1  | Reached skill level 2 in Stealth
 28959 | Snake:1  | Found Jonaf's Magic Scroll Boutique.
 28959 | Snake:1  | Found Ezan's Antique Armour Shop.
 28981 | Snake:1  | Bought a scroll of identify for 28 gold pieces
 28981 | Snake:1  | Bought a scroll of identify for 28 gold pieces
 28981 | Snake:1  | Bought 3 scrolls of identify for 84 gold pieces
 28981 | Snake:1  | Bought a scroll of enchant armour for 105 gold pieces
 29302 | Snake:1  | Noticed Louise
 29328 | Snake:1  | You are cast into the Abyss!
 29328 | Snake:1  | Cast into level 2 of the Abyss (Louise)
 29375 | Abyss:2  | Reached skill level 3 in Stealth
 29417 | Abyss:2  | Gained mutation: Armour fits poorly on your strangely shaped body. [a neqoxec]
 29505 | Abyss:2  | HP: 61/158 [balrug/demon whip of venom (5)]
 29510 | Abyss:2  | HP: 44/158 [poisoned by a balrug]
 29515 | Abyss:2  | HP: 63/158 [poisoned by a balrug]
 29741 | Abyss:2  | Reached skill level 4 in Stealth
 29829 | Abyss:2  | HP: 61/158 [starcursed mass/accursed screaming (4)]
 29834 | Abyss:2  | HP: 42/158 [starcursed mass (6)]
 29837 | Abyss:2  | HP: 15/158 [starcursed mass/accursed screaming (8)]
 29838 | Abyss:2  | HP: 4/158 [starcursed mass (8)]
 29857 | Abyss:2  | HP: 61/158 [smoke demon/divine providence (13)]
 29858 | Abyss:2  | Gained mutation: Your magical capacity is low. (-10% MP) [a neqoxec]
 29867 | Abyss:2  | HP: 47/158 [smoke demon (4)]
 29871 | Abyss:2  | HP: 18/158 [smoke demon/divine providence (11)]
 29922 | Abyss:2  | Noticed a tentacled starspawn
 30111 | Snake:1  | You pass through the gate.
 30111 | Snake:1  | Escaped the Abyss
 30122 | Snake:1  | HP: 36/158 [Louise/bolt of lightning (31)]
 30132 | Snake:1  | HP: 30/158 [Louise/eveningstar of protection (10)]
 30133 | Snake:1  | Killed Louise
 30133 | Snake:1  | Reached skill level 5 in Stealth
 30391 | Snake:1  | Learned a level 2 spell: Song of Slaying
 31720 | Snake:2  | HP: 63/158 [naga warrior/scimitar (5)]
 32101 | Snake:2  | Lost mutation: Armour fits poorly on your strangely shaped body. [potion of mutation]
 32101 | Snake:2  | Gained mutation: You tend to lose your temper in combat. [potion of mutation]
 32101 | Snake:2  | Gained mutation: You have very sharp teeth. [potion of mutation]
 32102 | Snake:2  | Lost mutation: You are mostly covered in iridescent scales. (AC +4) [potion of mutation]
 32102 | Snake:2  | Lost mutation: You are partially covered in iridescent scales. (AC +2) [potion of mutation]
 32102 | Snake:2  | Lost mutation: Your magical capacity is low. (-10% MP) [potion of mutation]
 32102 | Snake:2  | Lost mutation: You tend to lose your temper in combat. [potion of mutation]
 32102 | Snake:2  | Gained mutation: You have a pair of small horns on your head. [potion of mutation]
 32102 | Snake:2  | Gained mutation: You are somewhat resistant to further mutation. [potion of mutation]
 32209 | Snake:1  | Reached skill level 17 in Unarmed Combat
 32213 | Snake:1  | Reached XP level 17. HP: 84/166 MP: 1/25
 32340 | Lair:4   | Lost mutation: You have a pair of small horns on your head. [potion of mutation]
 32340 | Lair:4   | Lost mutation: You are somewhat resistant to further mutation. [potion of mutation]
 32340 | Lair:4   | Gained mutation: You are clumsy. (Dex -2) [potion of mutation]
 32340 | Lair:4   | Gained mutation: Your mind is acute. (Int +2) [potion of mutation]
 32397 | Lair:4   | Lost mutation: You are clumsy. (Dex -2) [potion of mutation]
 32397 | Lair:4   | Lost mutation: Your mind is acute. (Int +2) [potion of mutation]
 32397 | Lair:4   | Lost mutation: You have very sharp teeth. [potion of mutation]
 32397 | Lair:4   | Gained mutation: You are weak. (Str -2) [potion of mutation]
 32397 | Lair:4   | Gained mutation: You are partially covered in iridescent scales. (AC +2) [potion of mutation]
 32397 | Lair:4   | Gained mutation: You are resistant to hostile enchantments. (MR+) [potion of mutation]
 32727 | Snake:2  | HP: 62/166 [naga warrior/flail (6)]
 33432 | Snake:3  | HP: 65/166 [naga/glaive (11)]
 33438 | Snake:3  | HP: 59/166 [naga mage/flail (18)]
 33443 | Snake:3  | HP: 55/166 [poisoned by a naga mage (bolt of poison)]
 33467 | Snake:3  | HP: 66/166 [poisoned by a naga mage (bolt of poison)]
 33473 | Snake:3  | HP: 42/166 [poisoned by a naga mage (bolt of poison)]
 33479 | Snake:3  | HP: 62/166 [naga warrior/hand axe (2)]
 33485 | Snake:3  | HP: 63/166 [poisoned by a naga warrior (splash of poison)]
 33491 | Snake:3  | HP: 47/166 [poisoned by a naga warrior (splash of poison)]
 33497 | Snake:3  | HP: 45/166 [poisoned by a naga warrior (splash of poison)]
 33505 | Snake:3  | HP: 47/166 [poisoned by a naga warrior (splash of poison)]
 33510 | Snake:3  | HP: 45/166 [poisoned by a naga warrior (splash of poison)]
 33517 | Snake:3  | HP: 57/166 [naga/trident (13)]
 33522 | Snake:3  | HP: 40/166 [naga warrior/mace (16)]
 33529 | Snake:3  | HP: 32/166 [poisoned by a naga warrior (splash of poison)]
 33536 | Snake:3  | HP: 30/166 [guardian serpent/bolt of poison (6)]
 33538 | Snake:3  | Reached skill level 18 in Unarmed Combat
 33541 | Snake:3  | HP: 28/166 [poisoned by a guardian serpent (bolt of poison)]
 33546 | Snake:2  | HP: 28/166 [poisoned by a guardian serpent (bolt of poison)]
 33551 | Snake:2  | HP: 29/166 [poisoned by a guardian serpent (bolt of poison)]
 33556 | Snake:2  | HP: 31/166 [poisoned by a guardian serpent (bolt of poison)]
 33563 | Snake:2  | HP: 34/166 [poisoned by a guardian serpent (bolt of poison)]
 33571 | Snake:2  | HP: 38/166 [poisoned by a guardian serpent (bolt of poison)]
 34047 | Snake:3  | HP: 55/166 [shock serpent/bolt of electricity (31)]
 34461 | Snake:4  | Entered Level 4 of the Snake Pit
 34490 | Snake:3  | Reached skill level 10 in Shields
 34765 | Snake:4  | HP: 66/166 [black mamba (6)]
 34770 | Snake:4  | HP: 51/166 [poisoned by something (toxic radiance)]
 34774 | Snake:4  | HP: 25/166 [anaconda (3)]
 34779 | Snake:4  | HP: 19/166 [poisoned by something (toxic radiance)]
 34779 | Snake:4  | HP: 4/166 [anaconda (13)]
 35177 | Snake:4  | HP: 64/166 [poisoned by a naga warrior (splash of poison)]
 35182 | Snake:4  | HP: 59/166 [poisoned by a naga warrior (splash of poison)]
 35187 | Snake:3  | HP: 56/166 [poisoned by a naga warrior (splash of poison)]
 35192 | Snake:3  | HP: 56/166 [poisoned by a naga warrior (splash of poison)]
 35197 | Snake:3  | HP: 57/166 [poisoned by a naga warrior (splash of poison)]
 35203 | Snake:3  | HP: 59/166 [poisoned by a naga warrior (splash of poison)]
 35211 | Snake:3  | HP: 63/166 [poisoned by a naga warrior (splash of poison)]
 35504 | Snake:4  | Reached skill level 11 in Shields
 35738 | Snake:4  | HP: 64/166 [lindwurm (5)]
 35743 | Snake:4  | HP: 34/166 [lindwurm/blast of flame (6)]
 35749 | Snake:4  | HP: 36/166 [poisoned by a naga (splash of poison)]
 35757 | Snake:4  | HP: 39/166 [poisoned by a naga (splash of poison)]
 35764 | Snake:3  | HP: 43/166 [poisoned by a naga (splash of poison)]
 36408 | Snake:4  | HP: 64/166 [nagaraja/spear (4)]
 36412 | Snake:4  | HP: 31/166 [naga/halberd (9)]
 36417 | Snake:4  | HP: 43/166 [poisoned by a nagaraja (splash of poison)]
 36422 | Snake:4  | HP: 41/166 [poisoned by a naga (splash of poison)]
 36427 | Snake:4  | HP: 40/166 [poisoned by a naga (splash of poison)]
 36433 | Snake:3  | HP: 40/166 [poisoned by a naga (splash of poison)]
 36441 | Snake:3  | HP: 44/166 [poisoned by a naga (splash of poison)]
 36449 | Snake:3  | HP: 48/166 [poisoned by a naga (splash of poison)]
 36700 | Snake:4  | Reached skill level 12 in Shields
 36774 | Snake:4  | HP: 66/166 [anaconda (3)]
 36786 | Snake:4  | Reached XP level 18. HP: 98/174 MP: 24/26
 36788 | Snake:4  | HP: 68/174 [naga mage/splash of poison (8)]
 36793 | Snake:4  | HP: 61/174 [poisoned by a naga (splash of poison)]
 36798 | Snake:4  | HP: 58/174 [poisoned by a naga (splash of poison)]
 36803 | Snake:4  | HP: 42/174 [poisoned by a naga (splash of poison)]
 36808 | Snake:4  | HP: 34/174 [poisoned by a naga (splash of poison)]
 36813 | Snake:4  | HP: 53/174 [poisoned by a naga (splash of poison)]
 36818 | Snake:4  | HP: 53/174 [poisoned by a naga (splash of poison)]
 36823 | Snake:4  | HP: 55/174 [poisoned by a naga (splash of poison)]
 36826 | Snake:4  | HP: 27/174 [anaconda (3)]
 36831 | Snake:4  | HP: 26/174 [anaconda (2)]
 36836 | Snake:4  | HP: 22/174 [poisoned by a naga (splash of poison)]
 36841 | Snake:4  | HP: 24/174 [poisoned by a naga (splash of poison)]
 37062 | Snake:4  | HP: 64/174 [guardian serpent (16)]
 37068 | Snake:4  | HP: 58/174 [poisoned by a guardian serpent (bolt of poison)]
 37074 | Snake:4  | HP: 57/174 [poisoned by a guardian serpent (bolt of poison)]
 37079 | Snake:4  | HP: 52/174 [poisoned by a guardian serpent (bolt of poison)]
 37085 | Snake:4  | HP: 54/174 [poisoned by a guardian serpent (bolt of poison)]
 37093 | Snake:4  | HP: 58/174 [poisoned by a guardian serpent (bolt of poison)]
 37101 | Snake:4  | HP: 62/174 [poisoned by a guardian serpent (bolt of poison)]
 37714 | Snake:4  | HP: 64/174 [nagaraja/bolt of poison (8)]
 37719 | Snake:4  | Reached skill level 13 in Shields
 37719 | Snake:4  | HP: 37/174 [poisoned by a nagaraja (poison arrow)]
 37724 | Snake:4  | HP: 36/174 [poisoned by a nagaraja (poison arrow)]
 37729 | Snake:4  | HP: 37/174 [poisoned by a nagaraja (poison arrow)]
 37734 | Snake:4  | HP: 38/174 [poisoned by a nagaraja (poison arrow)]
 37740 | Snake:4  | HP: 41/174 [poisoned by a nagaraja (poison arrow)]
 37748 | Snake:4  | HP: 45/174 [poisoned by a nagaraja (poison arrow)]
 38214 | Snake:4  | Got a serpentine rune of Zot
 38617 | Shoals:1 | Entered Level 1 of the Shoals
 38617 | Shoals:1 | Noticed Rikonman's ghost (journeyman DEIE)
 38642 | Shoals:1 | Killed Rikonman's ghost
 39037 | Shoals:1 | Reached skill level 14 in Shields
 39450 | Shoals:1 | Got a serpentine lead ring
 39451 | Shoals:1 | Identified the cursed ring of Vatuez {Str+9 Dex-6} (You found it on level 1 of the Shoals)
 39864 | Shoals:2 | HP: 58/174 [snapping turtle (18)]
 39869 | Shoals:2 | HP: 48/174 [poisoned by a sea snake]
 39888 | Shoals:2 | HP: 63/174 [drowned by a drowned soul[a merfolk avatar] (10)]
 39894 | Shoals:2 | HP: 63/174 [poisoned by a sea snake]
 39899 | Shoals:2 | HP: 35/174 [poisoned by a sea snake]
 39904 | Shoals:2 | HP: 24/174 [poisoned by a sea snake]
 39910 | Shoals:2 | HP: 27/174 [poisoned by a sea snake]
 39918 | Shoals:2 | HP: 31/174 [poisoned by a sea snake]
 40322 | Shoals:2 | Noticed Polyphemus
 40340 | Shoals:2 | HP: 67/174 [merfolk/trident (3)]
 40342 | Shoals:2 | Killed Polyphemus
 40346 | Shoals:2 | HP: 22/174 [merfolk javelineer/javelin of returning (15)]
 40349 | Shoals:2 | HP: 7/174 [merfolk javelineer/javelin of returning (14)]
 40353 | Shoals:2 | HP: 3/174 [merfolk/trident (6)]
 40358 | Shoals:2 | HP: 65/174 [merfolk javelineer/javelin of returning (14)]
 40359 | Shoals:2 | HP: 25/174 [merfolk javelineer/spear of piercing (9)]
 40364 | Shoals:2 | HP: 63/174 [merfolk siren/spear (16)]
 40365 | Shoals:2 | HP: 31/174 [death yak[Polyphemus] (11)]
 40366 | Shoals:2 | HP: 14/174 [death yak[Polyphemus] (3)]
 40367 | Shoals:2 | HP: 1/174 [merfolk siren/spear (8)]
 40367 | Shoals:2 | Killed from afar by a catoblepas

Skill      XL: |  1  2  3  4  5  6  7  8  9 10 11 12 13 14 15 16 17 18 |
---------------+-------------------------------------------------------+-----
Unarmed Combat | 1 2 3 4 6 8 10 11 14 16 17 18 | 18.1
Invocations    | 2 3 5 7 8 10 12 | 12.0
Dodging        | 4 8 10 11 | 11.5
Shields        | 4 9 12 14 | 14.5
Fighting       | 3 10 | 10.0
Stealth        | 5 |  5.2
Throwing       | |  3.6

Action                   |  1- 3 |  4- 6 |  7- 9 | 10-12 | 13-15 | 16-18 || total
-------------------------+-------+-------+-------+-------+-------+-------++-------
Melee: Unarmed           |   149 |   146 |   413 |   817 |  2088 |  1926 ||  5539
       Punch             |     7 |       |       |       |       |       ||     7
       Headbutt          |       |       |       |       |       |     6 ||     6
       Bite              |       |       |       |       |       |     2 ||     2
Throw: Large rock        |       |       |       |    16 |    27 |     8 ||    51
Invok: Lesser Healing    |       |       |       |     3 |       |       ||     3
       Greater Healing   |       |       |       |     5 |     6 |    31 ||    42
       Heal Other        |       |       |       |     4 |     8 |       ||    12
       Purification      |       |       |       |     2 |       |       ||     2
       Divine Protection |       |       |       |       |       |     3 ||     3
Evoke: Wand              |       |       |       |     3 |     9 |     2 ||    14
       Sack of spiders   |       |       |       |       |       |     1 ||     1
  Use: Scroll            |     8 |     4 |     9 |     4 |     6 |    25 ||    56
       Potion            |       |     2 |     7 |     7 |    10 |    24 ||    50
 Stab: Sleeping          |       |     2 |     1 |     3 |    20 |    18 ||    44
       Distracted        |       |       |     1 |     1 |       |     8 ||    10
       Paralysed         |       |       |       |     2 |     2 |       ||     4
       Invisible         |       |       |       |       |       |     2 ||     2
  Eat: Chunk             |    17 |    14 |    28 |    80 |   146 |    59 ||   344
       Meat ration       |       |       |       |     1 |     1 |     9 ||    11
       Royal jelly       |       |       |       |       |       |     7 ||     7
       Bread ration      |       |       |       |       |       |     2 ||     2
       Fruit             |       |       |       |       |       |     1 ||     1
Armor: Robe              |    54 |    35 |   117 |   186 |   337 |   253 ||   982
       Skin              |       |       |    12 |       |    18 |       ||    30
Dodge: Dodged            |    99 |    40 |    68 |   289 |   759 |   772 ||  2027
Block: Shield            |     2 |    54 |   161 |   326 |  1085 |   379 ||  2007
       Large shield      |       |       |       |       |       |   977 ||   977

Table legend:
 A = Kills in this place as a percentage of kills in entire the game.
 B = Kills by you in this place as a percentage of kills by you in the entire game.
 C = Kills by friends in this place as a percentage of kills by friends in the entire game.
 D = Other kills in this place as a percentage of other kills in the entire game.
 E = Experience gained in this place as a percentage of experience gained in the entire game.
 F = Experience gained in this place divided by the number of levels of this place that you have seen.
                   A       B       C       D       E      F
               +-------+-------+-------+-------+-------+----------------------
         Total | 100.0 | 100.0 | 100.0 | 100.0 | 100.0 | 11125.1
       Dungeon |  42.1 |  42.0 | 100.0 |  50.0 |  24.6 | 5656.1
          Lair |  17.0 |  17.0 |   0.0 |  50.0 |  14.6 | 8370.2
        Shoals |   3.4 |   3.4 |   0.0 |   0.0 |   6.8 | 11698.5
     Snake Pit |  18.4 |  18.5 |   0.0 |   0.0 |  41.4 | 35672.5
  Orcish Mines |  13.0 |  13.1 |   0.0 |   0.0 |   5.4 | 9234.5
         Abyss |   3.2 |   3.2 |   0.0 |   0.0 |   4.5 | 15532.0
      Ice Cave |   2.8 |   2.8 |   0.0 |   0.0 |   2.8 | 9727.0
               +-------+-------+-------+-------+-------+----------------------

Table legend:
 A = Turns spent in this place as a percentage of turns spent in the entire game.
 B = Non-inter-level travel turns spent in this place as a percentage of non-inter-level travel turns spent in the entire game.
 C = Inter-level travel turns spent in this place as a percentage of turns spent in this place.
 D = Turns resting spent in this place as a percentage of non-inter-level travel turns spent in this place.
 E = Turns spent auto-exploring this place as a percentage of non-inter-level travel turns spent in this place.
 F = Non-inter-level travel turns spent in this place divided by the number of levels of this place that you've seen.
                   A       B       C       D       E      F
               +-------+-------+-------+-------+-------+----------------------
         Total | 100.0 | 100.0 |   0.4 |   3.9 |   6.0 | 528.0
       Dungeon |  40.2 |  40.1 |   0.5 |   3.3 |   7.9 | 437.9
          Lair |  15.8 |  15.8 |   0.6 |   2.6 |   6.4 | 431.3
        Shoals |   4.9 |   4.9 |   0.3 |   4.8 |   7.2 | 398.5
     Snake Pit |  22.6 |  22.6 |   0.4 |   6.7 |   3.9 | 926.8
  Orcish Mines |   9.7 |   9.8 |   0.2 |   2.4 |   4.8 | 798.5
         Abyss |   3.8 |   3.8 |   0.0 |   4.0 |   0.0 | 619.0
      Ice Cave |   3.0 |   3.0 |   0.0 |   2.0 |   2.4 | 491.0
               +-------+-------+-------+-------+-------+----------------------

Vault maps used:
D:1:      erik_arrival_orb_chamber, hangedman_feature_mirror
D:2:      old_standard_altar, marbit_many_paths,
          chequers_ecumenical_altar_island, uniq_robin
D:4:      first_bread
D:5:      serial_shops, shop, shop, shop_coins, grunt_ministairs_8,
          uniq_crazy_yiuf_cottage, uniq_ijyb
D:6:      old_standard_altar, minmay_temple_entry_overgrown, basic_altar,
          hangedman_feature_mirror
D:8:      nicolae_overflow_crystal_walls, kennysheep_mini_moat,
          xom_teletrap_fun, serial_shops, shop, shop, uniq_erica
D:9:      tso_altar, lemuel_round_altar, serial_shops, nicolae_shop_crystal,
          grunt_livestock
D:10:     erik_orc_1
D:11:     minmay_the_grid_octo_2x2, dpeg_lair_monsters, serial_glass,
          glass_columns_a, glass_columns_a, glass_columns_b, glass_columns_a,
          uniq_sonja
D:12:     basic_altar, bh_circular_ruins
D:13:     erik_vaults_2, nrook_pool_corridor
D:14:     grunt_decor_cap, kennysheep_decorative_pillar, uniq_rupert,
          uniq_josephine
D:15:     grunt_enter_depths_hoard, serial_ice, serial_ice_b, serial_ice_h,
          serial_ice_o, serial_ice_a, portal_ice_cave_entry_imps,
          bh_walls_and_bars
Lair:1:   grunt_megastairs_4
Lair:2:   dragon1_lemuel, minmay_shoals_entry_lonely_mermaid, lab_entry_generic,
          wad_woods_road_02
Lair:3:   minivault_11, zaba_anthell, grunt_megastairs_1
Lair:4:   minmay_snake_entry_six_corridors, st_stairs_6
Lair:5:   kilobyte_rumbling_trees
Lair:6:   evil_forest, slime_dummy, ice2_lemuel
Shoals:1: nicolae_shoals_this_corrosion
Shoals:2: uniq_polyphemus
Snake:1:  minmay_shoptagon, grunt_megastairs_3, uniq_louise
Snake:3:  grunt_megastairs_2
Snake:4:  snake_pit_salamanders_mu
Orc:2:    st_orc_mages, uniq_erolcha
IceCv:    ice_cave_small_giant
